 Dungeon Crawl Stone Soup version 0.14-a0-2124-ga163777 (webtiles) character file.

1591439 TedronaiSDC the Devastator (level 25, 186/186 (189) HPs)
             Began as a Demigod Conjurer on Jan 27, 2014.
             Escaped with the Orb
             ... and 3 runes on Feb 1, 2014!
             The game lasted 14:09:01 (76641 turns).

TedronaiSDC the Devastator (Demigod Conjurer)      Turns: 76641, Time: 14:09:01

HP 186/186 (189) AC 24     Str 17      XL: 25   Next:  0%
MP  46/46        EV 34     Int 31 (32) God:
Gold 4725        SH 15     Dex 21      Spells: 16 memorised,  6 levels left

rFire  + + .     SeeInvis .     a - +3 Elemental Staff {rElec rF++ rC++ MR++ AC+5}
rCold  + + .     Clarity  .     r - +5 steam dragon armour
rNeg   . . .     Conserve +     S - +2 buckler of Juot Sto {Int+1}
rPois  .         rCorr    +     X - +2 hat
rElec  +         rRot     .     W - +2 cloak {rCorr, Cons}
SustAb . .       Spirit   .     w - +1 pair of orc gloves {Str+3}
rMut   +         Warding  .     D - +1 pair of orc boots {Fly}
Saprov . . .     Stasis   .     y - amulet of resist mutation
MR     ++++.                    h - +5,+5 ring of slaying
                                M - +5 ring of evasion

@: flying, very slightly contaminated, incredibly resistant to hostile
enchantments, unstealthy
A: frail 1
a: Stop Flying
0: Orb of Zot
}: 3/15 runes: decaying, serpentine, silver


You escaped.
You were full.

You visited 9 branches of the dungeon, and saw 55 of its levels.
You also visited: Bailey, Ice Cave and Wizlab.

You collected 6607 gold pieces.
You spent 1882 gold pieces at shops.

Inventory:

Hand weapons
 a - the +3,+3 Elemental Staff (weapon) {rElec rF++ rC++ MR++ AC+5}
   (You found it on level 8 of the Dungeon)

   It affects your AC (+5).
   It greatly protects you from fire.
   It greatly protects you from cold.
   It insulates you from electricity.
   It affects your resistance to hostile enchantments.
 U - a +8 blowgun
Armour
 r - a +5 steam dragon armour (worn)
 w - a +1 pair of orcish gloves of strength (worn)
 D - a +1 pair of orcish boots of flying (worn)
 S - the +2 buckler of Juot Sto (worn) {Int+1}
   (You acquired it on level 8 of the Dungeon)

   It affects your intelligence (+1).
 W - a +2 cloak of preservation (worn)
 X - a +2 hat (worn)
Magical devices
 g - a wand of teleportation (4)
 p - a wand of teleportation (6)
 q - a wand of disintegration (12)
 v - a wand of digging (0)
 A - a wand of digging (12)
 G - a wand of hasting (1)
 N - a wand of disintegration (3)
 O - a wand of polymorph (15)
Scrolls
 c - 4 scrolls of blinking
 e - 4 scrolls of identify
 f - 8 scrolls of remove curse
 m - a scroll of fear
 n - 5 scrolls of teleportation
 B - a scroll of fog
 K - 10 scrolls of immolation
Jewellery
 h - a +5,+5 ring of slaying (right hand)
 j - an uncursed amulet of conservation
 l - an uncursed ring of poison resistance
 t - an uncursed ring of protection from magic
 x - an uncursed ring of sustain abilities
 y - an amulet of resist mutation (around neck)
 M - a +5 ring of evasion (left hand)
 T - an uncursed ring of wizardry
Potions
 d - 4 potions of might
 o - 4 potions of heal wounds
 u - 11 potions of curing
 z - 2 potions of restore abilities
 H - 3 potions of resistance
 L - 2 potions of invisibility
 Y - a potion of agility
Magical staves
 b - an uncursed staff of energy


   Skills:
 - Level 14.0 Fighting
 - Level 7.0 Staves
 - Level 17.2 Dodging
 - Level 1.7 Stealth
 - Level 5.0 Shields
 + Level 19.1 Spellcasting
 * Level 21.9 Conjurations
 - Level 14.0 Charms
 - Level 12.2 Fire Magic
 - Level 12.4 Earth Magic
 - Level 6.0 Evocations


You had 6 spell levels left.
You knew the following spells:

 Your Spells              Type           Power        Failure   Level  Hunger
a - Magic Dart            Conj           ####         0%          1    None
b - Animate Skeleton      Necr           N/A          1%          1    None
c - Delayed Fireball      Conj/Fire      N/A          1%          7    ###....
d - Iskenderun's Battles  Conj/Chrm      #######.     0%          4    None
e - Iskenderun's Mystic   Conj           ########     0%          4    None
f - Bolt of Fire          Conj/Fire      #######...   1%          6    None
g - Fireball              Conj/Fire      #######...   1%          5    None
h - Iron Shot             Conj/Erth      #######...   1%          6    None
i - Swiftness             Chrm/Air       ######..     1%          2    None
j - Lee's Rapid Deconstr  Erth           #######...   1%          5    None
k - Blink                 Tloc           N/A          1%          2    None
l - Cure Poison           Pois           ####......   1%          2    None
A - Apportation           Tloc           ####......   1%          1    None
H - Haste                 Chrm           #######.     1%          6    None
M - Deflect Missiles      Chrm/Air       ######....   14%         6    None
R - Regeneration          Chrm/Necr      ######....   1%          3    None


Dungeon Overview and Level Annotations

Branches:
Dungeon (16/16)            Temple (0/1) D:6             Orc (4/4) D:9
    Elf (0/3) Orc:3          Lair (8/8) D:11          Swamp (5/5) Lair:6
  Snake (5/5) Lair:4        Slime (0/6) Lair:8       Vaults (5/5) D:15
  Blade (0/1) Vaults:4       Hell (1/1)                 Zot (5/5) Depths:6
 Depths (6/6) D:16
  Crypt: Vaults:2-3     Dis: Hell:1         Geh: Hell:1         Coc: Hell:1
    Tar: Hell:1      Forest: Vaults:2-3

Shops:
D:6 (   D:7 (   Orc:3 %([   Orc:4 [%}[   Vaults:3 :   Depths:5 *

Portals:
Hell: Depths:1 Depths:2 Depths:3 Depths:4 Depths:5
Abyss: Depths:4
Pandemonium: Depths:4
Ziggurat: Depths:4

Annotations:
D:2 exclusion: downstairs
D:3 Moksha's ghost, average DsTm
D:9 exclusion: orange crystal statue
Lair:8 exclusion: 2 oklob plants
Swamp:3 exclusion: Roxanne, Roxanne
Vaults:2 exclusion: battlesphere
Vaults:3 exclusion: 3 doors, Boris
Zot:2 exclusion: downstairs
Depths:3 exclusion: door
Depths:6 exclusions: deep troll and 2 more exclusions, Mennas


Innate Abilities, Weirdness & Mutations

You are frail (-10% HP).


Message History

You sense a powerful magical force warping space.
There is a stone staircase leading down here.
Unknown command.
A giant cockroach comes into view.
Things that are here:
5 darts; a dwarven short sword
There is a staircase leading out of the dungeon here.
Quiver which item? (- for none, * to show all) (? for menu, Esc to quit)
Okay, then.
Quiver which item? (- for none, * to show all) (? for menu, Esc to quit)
Quivering
R - a royal jelly for throwing.
Awkwardly throwing (i - inventory):
R - a royal jelly (quivered)
Press: ? - help, Shift-Dir - straight line, f - giant cockroach
Aim: a giant cockroach You awkwardly throw a royal jelly.
The royal jelly hits the giant cockroach.
The giant cockroach completely misses you.
You can't go down here!
The giant cockroach closely misses you. The giant cockroach barely misses you.
You have escaped!

#.#.......######..####.######.#.#
#.#.......######..# #.# #.#.#
..................# #%# #.#.#
.............(....# #.# ######
###############...####.#####.# #
##.......## #........>.....## #
###....%....###......#.#####..# #
##...........##.s....#.# ##.###
....%..........#@....#.# #..#.
##...........##........# ##...
###.......[.###........# #... #
##.......## #........# #####(#
###############........# #.#####
.......................# #......
...........%...........# #......
#.###.#........#)......# #......
.# ###......#######.# #......


You could see a giant cockroach.

Vanquished Creatures
  4 ancient liches (Zot:5)
  7 orbs of fire (Zot:5)
  Saint Roka (Vaults:4)
  Margery (Depths:4)
  Norris (Vaults:2)
  2 Killer Klowns (Zot:5)
  Geryon (Hell)
  7 golden dragons
  Xtahua (Depths:6)
  3 electric golems (Zot:5)
  2 bone dragons
  9 tentacled monstrosities
  3 liches
  23 Orb Guardians
  2 titans
  12 storm dragons
  A sphinx (Vaults:4)
  7 tengu reavers
  Frances (Snake:2)
  Kirke (Snake:1)
  5 shadow dragons
  9 fire giants
  2 draconian monks (Zot:5)
  4 draconian knights
  2 draconian scorchers
  A ghost moth (Zot:2)
  2 iron dragons
  Aizul (Vaults:4)
  11 frost giants
  13 vault wardens
  Jorgrun (Vaults:4)
  2 draconian shifters
  2 draconian annihilators
  6 greater nagas
  2 draconian callers
  37 stone giants
  2 grey draconians
  4 green draconians
  4 elemental wellsprings (Depths:5)
  4 mottled draconians
  6 black draconians
  4 pale draconians
  3 deep elf annihilators
  5 purple draconians
  2 yellow draconians (Zot:5)
  2 red draconians
  7 white draconians
  3 deep elf death magi
  28 vault guards
  A fire dragon (shapeshifter) (Depths:2)
  24 ettins
  5 death cobs
  12 fire dragons
  29 yaktaur captains
  A siren (shapeshifter) (Depths:2)
  11 ironheart preservers
  2 great orbs of eyes (Vaults:5)
  23 hydras
  Fannar (Lair:7)
  21 ogre magi
  9 ice dragons
  2 ravenous item mimics
  11 alligators
  A salamander (Snake:4)
  Erica (Lair:3)
  4 death yaks
  2 anacondas
  5 tengu warriors (Depths:2)
  7 orc high priests
  41 naga warriors
  4 rakshasas
  15 very ugly things
  14 deep troll earth magi
  11 deep troll shamans
  4 fire crabs
  A spectral elf (Depths:6)
  19 centaur warriors
  7 iron trolls
  18 hell knights
  A catoblepas (Lair:8)
  5 deep elf knights
  A death drake (Swamp:5)
  2 ice devils
  4 unseen horrors
  Erolcha (Orc:3)
  33 deep trolls
  2 flayed ghosts
  5 swamp dragons
  9 hill giants
  A giant orange brain (Vaults:1)
  5 ice statues
  3 wizards
  4 giant amoebae
  9 harpies
  A shining eye (shapeshifter) (Depths:2)
  3 spectral hydras (Swamp:5)
  Joseph (D:9)
  15 ironbrand convokers
  20 orc knights
  9 necromancers
  2 wolf spiders (shapeshifter)
  4 orc sorcerers
  5 phantasmal warriors
  A red wasp (shapeshifter) (Depths:2)
  8 griffons
  8 cyclopes
  4 deep elf conjurers
  4 red wasps
  A harpy (shapeshifter) (Depths:2)
  A frost giant zombie (Depths:1)
  An elephant (D:11)
  A wolf spider (Vaults:4)
  13 guardian serpents
  11 moths of wrath
  38 black mambas
  A sixfirhy (Vaults:3)
  An item mimic (Orc:3)
  A deep elf summoner (Vaults:3)
  A spiny worm (Vaults:1)
  An octopode (shapeshifter) (Depths:1)
  A guardian serpent (shapeshifter) (Depths:3)
  24 vault sentinels
  Psyche (Orc:3)
  A spiny frog (shapeshifter) (Vaults:2)
  23 spiny frogs
  2 feature mimics
  A tormentor (Depths:4)
  A yaktaur zombie (Depths:1)
  A fire drake (Lair:7)
  4 swamp worm zombies (Swamp:5)
  A fire drake (shapeshifter) (D:15)
  4 komodo dragons
  A hellwing (Depths:4)
  45 naga magi
  12 trolls
  71 yaktaurs
  4 spriggans (Vaults:2)
  A troll (shapeshifter) (Depths:3)
  A spriggan (shapeshifter) (Vaults:5)
  A centaur skeleton (D:12)
  3 hydra zombies (Swamp:5)
  A giant firefly (shapeshifter) (Depths:1)
  A red devil (Depths:4)
  3 tengu conjurers
  A blink frog (shapeshifter) (Vaults:1)
  12 polar bears (IceCv)
  A giant firefly (Vaults:2)
  An orange crystal statue (WizLab)
  4 deep elf priests
  2 jumping spiders (Depths:5)
  Sonja (D:14)
  An iron devil (Depths:4)
  A wind drake (shapeshifter) (Vaults:5)
  A komodo dragon (shapeshifter) (Depths:2)
  An ettin zombie (Depths:1)
  44 two-headed ogres
  2 stone giant simulacra
  12 bog bodies
  61 slime creatures
  3 baby alligators (Swamp:5)
  A baby alligator (shapeshifter) (Vaults:2)
  A spectral swamp dragon (Swamp:5)
  15 giant leeches
  A griffon zombie (D:15)
  20 blink frogs
  2 vampires
  4 alligator zombies (Swamp:5)
  A raven (shapeshifter) (Depths:4)
  2 boulder beetles
  2 tarantellas (Depths:5)
  A grizzly bear (shapeshifter) (Vaults:4)
  A yak (shapeshifter) (Depths:3)
  A redback (shapeshifter) (Vaults:5)
  3 redbacks
  7 water elementals (Depths:5)
  A basilisk (Lair:2)
  A human (shapeshifter) (Depths:3)
  2 shadows
  A tarantella (shapeshifter) (Vaults:4)
  2 chaos spawn
  2 trapdoor spiders
  A ynoxinul (Depths:4)
  2 elephant slugs (Lair:7)
  3 hungry ghosts
  2 sharks
  3 wyverns
  A neqoxec (Vaults:3)
  A wyvern (shapeshifter) (Depths:3)
  A clay golem (Vaults:1)
  A merfolk (shapeshifter) (Depths:2)
  10 deep elf fighters
  6 deep elf magi
  3 wraiths
  78 ugly things
  30 yaks
  9 hippogriffs
  44 swamp worms
  54 vampire mosquitoes
  18 wolves
  5 hogs (Snake:1)
  A manticore (shapeshifter) (Vaults:5)
  2 mottled dragons
  A yellow wasp (D:9)
  5 freezing wraiths
  9 humans
  A kobold demonologist (Vaults:1)
  57 orc warriors
  83 nagas
  25 ice beasts
  3 swamp drakes
  4 manticores
  9 phantoms
  12 porcupines
  An ogre (shapeshifter) (Vaults:5)
  An ogre skeleton (D:12)
  An ettin simulacrum (Depths:1)
  A black bear (Lair:6)
  12 giant goldfish
  A sky beast (D:6)
  2 swamp dragon zombies (Swamp:5)
  A naga zombie (Depths:1)
  75 ogres
  9 tengu
  11 centaurs
  A lava worm (Depths:3)
  A rotting devil (Vaults:3)
  A lost soul (Depths:6)
  2 brain worms
  9 giant slugs
  A cyclops zombie (D:15)
  7 wargs
  14 crocodiles
  A komodo dragon skeleton (D:15)
  11 agate snails
  39 giant frogs
  A warg (shapeshifter) (Depths:2)
  3 big kobolds (D:15)
  27 water moccasins
  A gnoll sergeant (D:7)
  19 insubstantial wisps
  A wyvern skeleton (D:14)
  A troll zombie (D:12)
  2 wights (D:5)
  3 eyes of draining
  A yak zombie (D:11)
  7 killer bees
  3 jellyfish
  7 crimson imps
  A quasit (Depths:4)
  6 electric eels
  A lava snake (Depths:3)
  2 giant frog zombies
  4 goliath beetles
  4 big fish
  2 iron imps (Depths:4)
  44 orc priests
  12 hounds
  6 jellies
  25 orc wizards
  11 worker ants
  A giant frog skeleton (D:7)
  10 iguanas
  5 scorpions
  19 sheep
  2 boggarts (Depths:4)
  A mummy (D:10)
  A worker ant zombie (D:5)
  37 adders
  7 gnolls
  38 green rats
  2 giant centipedes
  A shadow imp (Depths:4)
  7 worms
  A giant mite (Lair:6)
  3 white imps (Depths:4)
  3 ufetubi
  11 giant eyeballs
  9 giant geckos
  An ooze (D:6)
  220 orcs
  3 ball pythons
  28 goblins
  23 hobgoblins
  41 jackals
  22 kobolds
  32 bats
  6 giant cockroaches
  A giant gecko skeleton (D:4)
  8 giant newts
  A giant newt skeleton (D:4)
  4 giant spores
  A hobgoblin skeleton (D:5)
  9 illusory rakshasas (Depths:3)
  2 orc skeletons
  18 quokkas
  32 rats
  2 rat skeletons
  13 ballistomycetes
  A plant (Swamp:5)
2743 creatures vanquished.

Vanquished Creatures (collateral kills)
  A fire dragon (Depths:5)
  A swamp worm zombie (Swamp:5)
  A hydra zombie (Swamp:5)
  2 sharks (Depths:5)
  A water elemental (Depths:5)
  A swamp dragon zombie (Swamp:5)
  A phantom (Swamp:5)
  An insubstantial wisp (Swamp:5)
  A spectral swamp drake (Swamp:5)
  A swamp drake zombie (Swamp:5)
11 creatures vanquished.

Vanquished Creatures (others)
  An elemental wellspring (Depths:5)
  An ettin (Depths:6)
  7 vault guards (Vaults:5)
  A hydra (Swamp:5)
  A deep troll shaman (Depths:6)
  A deep troll (Depths:6)
  An orc sorcerer (Orc:4)
  A black mamba (Snake:4)
  A frost giant skeleton (Depths:5)
  A troll (Orc:4)
  A fire dragon skeleton (Depths:5)
  A yak (IceCv)
  A giant goldfish (Lair:8)
  4 wolves (IceCv)
  An ogre (Depths:2)
  2 orc warriors (Orc:4)
  A yaktaur skeleton (Depths:5)
  3 orc priests (Orc:4)
  A sheep (D:12)
  7 orcs
  A giant spore (D:12)
  6 fungi
  7 plants
52 creatures vanquished.

Grand Total: 2806 creatures vanquished

Notes
Turn   | Place    | Note
--------------------------------------------------------------
     0 | D:1      | TedronaiSDC, the Demigod Conjurer, began the quest for the Orb.
     0 | D:1      | Reached XP level 1. HP: 14/14 MP: 3/3
   107 | D:1      | Reached skill level 4 in Conjurations
   185 | D:1      | Reached XP level 2. HP: 14/20 MP: 4/4
   297 | D:1      | Learned a level 2 spell: Searing Ray
   732 | D:1      | Reached XP level 3. HP: 26/26 MP: 7/7
  1130 | D:2      | Learned a level 3 spell: Dazzling Spray
  1617 | D:2      | Reached skill level 5 in Conjurations
  1741 | D:2      | Reached XP level 4. HP: 31/33 MP: 10/10
  1933 | D:3      | Noticed Moksha's ghost (average DsTm)
  2304 | D:3      | Found a radiant altar of Vehumet.
  2355 | D:3      | Found an iron altar of Okawaru.
  2635 | D:3      | Found an ancient bone altar of Kikubaaqudgha.
  2704 | D:4      | Noticed an ogre
  2978 | D:4      | Noticed an ogre
  3232 | D:4      | --dude
  3303 | D:4      | Found a shimmering altar of Xom.
  3304 | D:4      | Found a shimmering altar of Xom.
  3305 | D:4      | Found a shimmering altar of Xom.
  3654 | D:4      | Paralysed by a giant eyeball for 2 turns
  3739 | D:4      | Found a glowing silver altar of Zin.
  3828 | D:5      | Entered Level 5 of the Dungeon
  3891 | D:5      | Reached XP level 5. HP: 34/38 MP: 7/12
  3960 | D:5      | Found a shadowy altar of Dithmengos.
  4076 | D:5      | Noticed a phantom
  4101 | D:5      | Killed a phantom
  4101 | D:5      | Reached skill level 6 in Conjurations
  4169 | D:5      | Reached XP level 6. HP: 33/45 MP: 8/17
  4183 | D:5      | Learned a level 4 spell: Iskenderun's Battlesphere
  4910 | D:5      | Reached skill level 9 in Dodging
  4910 | D:5      | Reached XP level 7. HP: 50/50 MP: 17/24
  4911 | D:5      | --nice :))
  4916 | D:5      | Learned a level 4 spell: Iskenderun's Mystic Blast
  4985 | D:6      | Found a staircase to the Ecumenical Temple.
  4992 | D:6      | Reached XP level 8. HP: 57/57 MP: 11/25
  5064 | D:6      | Found Esaasa's Antique Weapon Emporium.
  5104 | D:6      | Bought a runed blowgun for 57 gold pieces
  5111 | D:6      | --nice
  6002 | D:6      | Found a deep blue altar of Sif Muna.
  6031 | D:7      | Found Pramarch's Antique Weapon Shoppe.
  6315 | D:7      | Identified the Incunabulum of the Frigorific Oath
  6337 | D:7      | Reached skill level 1 in Charms
  6496 | D:7      | Reached XP level 9. HP: 53/62 MP: 15/27
  7134 | D:8      | --LOL
  7402 | D:8      | Found a basalt altar of Yredelemnul.
  7679 | D:8      | Identified a scroll of acquirement
  7682 | D:8      | Got a warped buckler
  7686 | D:8      | Identified the +2 buckler of Juot Sto {Int+1} (You acquired it on level 8 of the Dungeon)
  7857 | D:9      | Noticed Joseph
  7872 | D:9      | Killed Joseph
  7872 | D:9      | Reached skill level 1 in Shields
  8278 | D:9      | Found a staircase to the Orcish Mines.
  8627 | D:9      | Reached XP level 10. HP: 69/69 MP: 21/28
  9068 | D:10     | Entered Level 10 of the Dungeon
  9287 | D:10     | Reached skill level 5 in Charms
 10019 | D:11     | Noticed a five-headed hydra
 10079 | D:11     | Killed a five-headed hydra
 10140 | D:11     | Reached skill level 5 in Shields
 10237 | D:11     | Found a staircase to the Lair.
 10267 | D:11     | Reached skill level 1 in Fighting
 10557 | D:11     | Noticed a four-headed hydra
 10576 | D:11     | Killed a four-headed hydra
 10673 | D:11     | Noticed a cyclops
 10777 | Lair:1   | Entered Level 1 of the Lair of Beasts
 11031 | Lair:1   | Reached XP level 11. HP: 63/80 MP: 15/30
 13315 | Lair:3   | Found a frozen archway.
 13495 | IceCv    | Entered an ice cave
 13674 | IceCv    | Reached skill level 10 in Spellcasting
 13982 | IceCv    | Learned a level 3 spell: Regeneration
 14038 | IceCv    | Reached skill level 10 in Conjurations
 14183 | IceCv    | Reached skill level 5 in Fighting
 14189 | IceCv    | Reached XP level 12. HP: 91/94 MP: 17/32
 14383 | IceCv    | Noticed a death yak
 14567 | IceCv    | Killed a death yak
 14790 | IceCv    | Reached skill level 11 in Conjurations
 14821 | IceCv    | Noticed a frost giant
 15032 | IceCv    | Killed a frost giant
 15376 | Lair:3   | Noticed Erica
 15380 | Lair:3   | Killed Erica
 15614 | Lair:4   | Got a jewelled battleaxe
 15630 | Lair:4   | Identified the +7,+1 battleaxe of Sudden Death {chop, Int+2} (You found it on level 4 of the Lair of Beasts)
 15823 | Lair:4   | Found a staircase to the Snake Pit.
 16919 | Lair:6   | Reached skill level 1 in Evocations
 17037 | Lair:6   | Found a staircase to the Swamp.
 17171 | Lair:6   | Found a bloodstained altar of Trog.
 18436 | Lair:7   | Noticed Fannar
 18441 | Lair:7   | Killed Fannar
 18441 | Lair:7   | Reached XP level 13. HP: 102/102 MP: 9/33
 18523 | Lair:7   | Reached skill level 12 in Conjurations
 18685 | Lair:7   | Reached skill level 10 in Dodging
 18850 | Lair:7   | Learned a level 5 spell: Fireball
 18877 | Lair:8   | Entered Level 8 of the Lair of Beasts
 18969 | Lair:8   | Reached skill level 1 in Fire Magic
 19069 | Lair:8   | Found a staircase to the Slime Pits.
 19791 | Lair:8   | Learned a level 6 spell: Iron Shot
 20503 | Orc:1    | Entered Level 1 of the Orcish Mines
 21195 | Orc:1    | Found a flagged portal.
 21223 | Bailey   | Entered a bailey
 21878 | Orc:3    | Found a burning altar of Makhleb.
 21878 | Orc:3    | Found Pneopsyen's Armour Shop.
 21878 | Orc:3    | Found Shruatoitt's Weapon Shoppe.
 21882 | Orc:3    | Noticed Psyche
 21891 | Orc:2    | Reached skill level 5 in Fire Magic
 21987 | Orc:3    | Found a staircase to the Elven Halls.
 22124 | Orc:3    | Noticed Erolcha
 22128 | Orc:3    | Killed Erolcha
 22130 | Orc:3    | Killed Psyche
 22130 | Orc:3    | Reached skill level 5 in Evocations
 22232 | Orc:3    | Found Liplan's Food Emporium.
 22629 | Orc:4    | Entered Level 4 of the Orcish Mines
 23782 | Orc:4    | Reached XP level 14. HP: 110/110 MP: 25/35
 24112 | Orc:4    | Found Suam's Armour Shoppe.
 24112 | Orc:4    | Found Haokiusm's Armour Shoppe.
 24112 | Orc:4    | Found Ajubb's Gadget Shoppe.
 24112 | Orc:4    | Found Akimit's Food Emporium.
 24333 | Lair:1   | Learned a level 6 spell: Bolt of Fire
 24369 | D:11     | Killed a cyclops
 25759 | D:13     | Learned a level 2 spell: Swiftness
 26268 | D:14     | Noticed Sonja
 26269 | D:14     | Killed Sonja
 26271 | D:14     | Noticed Nessos
 26465 | D:14     | Got a twisted spear
 26467 | D:14     | Identified the cursed -2,-2 spear of Innocence {freeze, rC+} (You found it on level 14 of the Dungeon)
 26736 | D:14     | Noticed Nessos
 26736 | D:14     | Nessos changed into Nessos the moth of wrath
 26738 | D:14     | Killed Nessos the moth of wrath
 26926 | D:15     | Entered Level 15 of the Dungeon
 27308 | D:15     | Reached skill level 1 in Staves
 27719 | D:15     | Found a gate to the Vaults.
 27906 | D:16     | Entered Level 16 of the Dungeon
 28077 | D:16     | Identified a +0 cloak of preservation (You found it on level 16 of the Dungeon)
 28083 | D:16     | Identified the Incunabulum of Attacks
 28127 | D:16     | Reached skill level 10 in Fire Magic
 28831 | D:16     | Found a staircase to the Depths.
 29383 | Swamp:1  | Entered Level 1 of the Swamp
 29394 | Swamp:1  | Reached XP level 15. HP: 115/115 MP: 11/36
 30260 | Swamp:2  | Reached skill level 5 in Staves
 30967 | Swamp:3  | Noticed Roxanne
 31212 | Swamp:3  | Reached skill level 1 in Earth Magic
 32462 | Swamp:5  | Entered Level 5 of the Swamp
 32520 | Swamp:5  | Reached skill level 5 in Earth Magic
 33431 | Swamp:5  | Got a sparkling jade ring
 33432 | Swamp:5  | Identified the cursed ring of Itzecur {Fire Dex+3 Int-2} (You found it on level 5 of the Swamp)
 33823 | Swamp:5  | Reached XP level 16. HP: 109/121 MP: 21/37
 34144 | Swamp:5  | Noticed a bone dragon
 34144 | Swamp:5  | --fuck this swamp ending
 34404 | Swamp:5  | Got a warped broad axe
 34406 | Swamp:5  | Identified the cursed +2,+0 broad axe of Zaobb {vamp, +Fly} (You found it on level 5 of the Swamp)
 34437 | Swamp:5  | Got a smoking chain mail
 34438 | Swamp:5  | Identified the +5 chain mail "Twes" {Stlth+} (You found it on level 5 of the Swamp)
 34446 | Swamp:5  | Got a decaying rune of Zot
 34679 | Snake:1  | Entered Level 1 of the Snake Pit
 35006 | Snake:1  | Noticed Kirke
 35019 | Snake:1  | Killed Kirke
 35861 | Snake:2  | Reached skill level 13 in Spellcasting
 35908 | Snake:2  | Got a shimmering trident
 35958 | Snake:2  | Identified the cursed +1,-1 trident of Painful Death {slay drac, Int-3} (You found it on level 2 of the Snake Pit)
 36283 | Snake:2  | Found a basalt altar of Yredelemnul.
 36487 | Snake:2  | Noticed Frances
 36491 | Snake:2  | Killed Frances
 37966 | Snake:4  | Reached skill level 10 in Earth Magic
 39378 | Snake:5  | Entered Level 5 of the Snake Pit
 40693 | Snake:5  | Reached XP level 17. HP: 126/126 MP: 35/39
 42013 | Snake:5  | Got a serpentine rune of Zot
 42338 | Lair:1   | Learned a level 1 spell: Apportation
 42539 | Vaults:1 | Entered Level 1 of the Vaults
 42729 | Vaults:1 | Reached skill level 14 in Spellcasting
 45242 | Vaults:2 | Found a staircase to the Enchanted Forest.
 46278 | Vaults:2 | Reached XP level 18. HP: 133/133 MP: 13/40
 46371 | Vaults:2 | Noticed Norris
 46485 | Vaults:2 | Killed Norris
 47339 | Vaults:3 | Noticed Boris
 47340 | Vaults:3 | --do not want :/
 48710 | Vaults:3 | Reached skill level 15 in Conjurations
 48853 | Vaults:3 | Found Uwaxabog's Book Emporium.
 49096 | Vaults:3 | Reached skill level 15 in Spellcasting
 49389 | Vaults:4 | Noticed Aizul
 49395 | Vaults:4 | Killed Aizul
 49622 | Vaults:3 | Bought a book of Wizardry for 390 gold pieces
 49622 | Vaults:3 | Bought a manual of Dodging for 1435 gold pieces
 49631 | Vaults:3 | Learned a level 6 spell: Haste
 49655 | Vaults:4 | Got a faintly glowing ring mail
 49656 | Vaults:4 | Identified the cursed -5 ring mail "Grollyc" {+Blink rPois Int+1} (You found it on level 4 of the Vaults)
 49747 | Vaults:4 | Found a magical portal.
 49758 | WizLab   | Entered a wizard's laboratory
 49985 | WizLab   | Reached XP level 19. HP: 139/139 MP: 17/41
 50303 | Vaults:4 | Noticed Saint Roka
 50325 | Vaults:4 | Killed Saint Roka
 50699 | Vaults:4 | Found a staircase to the Hall of Blades.
 51067 | Vaults:4 | Noticed Jorgrun
 51176 | Vaults:4 | Killed Jorgrun
 51728 | Vaults:4 | Reached XP level 20. HP: 136/146 MP: 9/41
 52372 | Vaults:4 | Reached skill level 10 in Charms
 52462 | D:15     | Learned a level 6 spell: Deflect Missiles
 52478 | D:15     | Gained mutation: You have a pair of small antennae on your head. [potion of beneficial mutation]
 52561 | Depths:1 | Entered Level 1 of the Depths
 52932 | Depths:1 | Got a blackened scale mail
 52933 | Depths:1 | Identified the +1 scale mail "Guutyj" {+Blink rN+} (You found it on level 1 of the Depths)
 53226 | Depths:1 | Paralysed by a giant eyeball for 4 turns
 53256 | Depths:1 | Found a gateway to Hell.
 53738 | Depths:1 | Got a dazzling scale mail
 53741 | Depths:1 | Identified the +0 scale mail "Gushul" {rN+} (You found it on level 1 of the Depths)
 54466 | Depths:1 | Identified Duafuuf's Papyrus of the Volcanoes and Confrontation
 55816 | Depths:2 | --nikola?
 55926 | Depths:2 | Reached skill level 16 in Spellcasting
 55966 | Depths:2 | --nice
 56618 | Depths:2 | Reached skill level 15 in Dodging
 56618 | Depths:2 | Reached XP level 21. HP: 143/153 MP: 11/42
 59440 | Depths:4 | Learned a level 1 spell: Animate Skeleton
 59528 | Depths:4 | Found a one-way gate to the infinite horrors of the Abyss.
 59544 | Depths:4 | Noticed Margery
 59608 | Depths:4 | Killed Margery
 60453 | Depths:4 | Found a gateway to a ziggurat.
 60528 | Depths:4 | Found a one-way gate leading to the halls of Pandemonium.
 60857 | Depths:5 | Found Qiashruf's General Store.
 61881 | Depths:5 | Reached skill level 17 in Conjurations
 61961 | Depths:5 | Reached XP level 22. HP: 142/167 MP: 13/43
 62186 | Depths:5 | --lol
 62395 | Depths:6 | Entered Level 6 of the Depths
 63088 | Depths:6 | Found a gate to the Realm of Zot.
 63136 | Depths:6 | Noticed Mennas
 63136 | Depths:6 | --NOOOOOOOO
 63522 | Depths:6 | Noticed Xtahua
 63528 | Depths:6 | Killed Xtahua
 64297 | D:15     | Learned a level 7 spell: Delayed Fireball
 64386 | Lair:1   | Learned a level 5 spell: Lee's Rapid Deconstruction
 64671 | Vaults:5 | Entered Level 5 of the Vaults
 65647 | Vaults:5 | Reached skill level 10 in Fighting
 66127 | Vaults:5 | Reached skill level 18 in Conjurations
 67255 | Vaults:5 | Reached XP level 23. HP: 170/184 MP: 15/44
 68090 | Vaults:5 | --shit
 68332 | Vaults:5 | Learned a level 2 spell: Blink
 68358 | Vaults:5 | Got a silver rune of Zot
 69099 | Vaults:5 | Reached skill level 19 in Conjurations
 69632 | Hell     | Entered the Vestibule of Hell
 69636 | Hell     | Noticed Geryon
 69649 | Hell     | Killed Geryon
 69658 | Hell     | --too easy
 70072 | Zot:1    | Entered Level 1 of the Realm of Zot
 71574 | Zot:4    | Learned a level 2 spell: Cure Poison
 71609 | Zot:5    | Entered Level 5 of the Realm of Zot
 72787 | Zot:4    | --lol
 73000 | Zot:5    | Reached skill level 20 in Conjurations
 73336 | Zot:5    | Reached XP level 24. HP: 197/197 MP: 33/45
 73433 | Zot:5    | Noticed an orb of fire
 73436 | Zot:5    | Noticed an orb of fire
 73439 | Zot:5    | Noticed an orb of fire
 73440 | Zot:5    | --are you kidding me
 73443 | Zot:5    | --time for the teleport game :/
 73450 | Zot:5    | Gained mutation: You are frail (-10% HP). [an orb of fire]
 73658 | Zot:5    | Killed an orb of fire
 73886 | Zot:5    | Noticed an ancient lich
 73998 | Zot:5    | --dang
 73999 | Zot:5    | Noticed an orb of fire
 74092 | Zot:5    | Killed an orb of fire
 74097 | Zot:5    | Killed an ancient lich
 74379 | Zot:5    | Killed an orb of fire
 74503 | Zot:5    | Noticed an ancient lich
 74583 | Zot:5    | Killed an ancient lich
 74628 | Zot:5    | Killed an orb of fire
 74768 | Zot:4    | Reached skill level 21 in Conjurations
 74792 | Zot:5    | Noticed an ancient lich
 74799 | Zot:5    | Killed an ancient lich
 74922 | Zot:5    | Noticed an ancient lich
 74931 | Zot:5    | Killed an ancient lich
 75049 | Zot:5    | Noticed an orb of fire
 75053 | Zot:5    | Noticed an orb of fire
 75100 | Zot:5    | Killed an orb of fire
 75214 | Zot:5    | --what
 75431 | Zot:5    | Killed an orb of fire
 75803 | Zot:5    | Noticed an orb of fire
 75837 | Zot:5    | Killed an orb of fire
 76086 | Zot:5    | Got the Orb of Zot
 76090 | Zot:5    | Noticed Pelazxa the pandemonium lord
 76090 | Zot:5    | --really?
 76186 | Depths:6 | Lost mutation: You are frail (-10% HP). [potion of cure mutation]
 76186 | Depths:6 | Lost mutation: You have a pair of small antennae on your head. [potion of cure mutation]
 76365 | Depths:1 | Gained mutation: You are frail (-10% HP). [mutagenic glow]
 76471 | D:10     | Reached XP level 25. HP: 182/186 MP: 22/46
 76639 | D:1      | mopl: Congrats on your win ! really great idea this challenge
 76641 | D:$      | Escaped with the Orb!

Action                   |  1- 3 |  4- 6 |  7- 9 | 10-12 | 13-15 | 16-18 | 19-21 | 22-24 | 25-27 || total
-------------------------+-------+-------+-------+-------+-------+-------+-------+-------+-------++-------
Melee: Hand axe          |   100 |    79 |    21 |       |       |       |       |       |       ||   200
       Dagger            |       |    15 |       |       |       |       |       |       |       ||    15
       Staff             |       |       |    18 |   231 |   191 |   203 |   460 |   598 |       ||  1701
 Fire: Sling             |       |       |       |    91 |       |       |       |       |       ||    91
       Blowgun           |       |       |       |       |       |       |    11 |    19 |       ||    30
Throw: Stone             |     3 |   102 |    12 |       |       |       |       |       |       ||   117
       Dart              |    50 |    48 |     5 |     1 |       |       |       |       |       ||   104
       Tomahawk          |       |       |     3 |       |       |       |       |       |       ||     3
 Cast: Magic Dart        |    39 |    62 |   220 |   585 |  1136 |   518 |   435 |   202 |       ||  3197
       Searing Ray       |     1 |    14 |     6 |    90 |    43 |     4 |       |       |       ||   158
       Dazzling Spray    |       |     1 |     2 |    20 |    80 |     6 |     1 |       |       ||   110
       Iskenderun's Batt |       |     2 |    38 |   101 |   242 |   174 |   141 |    68 |       ||   766
       Iskenderun's Myst |       |       |    15 |    37 |   311 |   416 |   360 |   188 |       ||  1327
       Regeneration      |       |       |       |     3 |    17 |     8 |    12 |    20 |       ||    60
       Fireball          |       |       |       |       |    86 |   123 |    58 |    41 |       ||   308
       Bolt of Fire      |       |       |       |       |     1 |   128 |   175 |   158 |       ||   462
       Iron Shot         |       |       |       |       |       |    83 |    92 |   355 |     1 ||   531
       Apportation       |       |       |       |       |       |     2 |       |     8 |       ||    10
       Swiftness         |       |       |       |       |       |       |     3 |     7 |       ||    10
       Haste             |       |       |       |       |       |       |     7 |    21 |     1 ||    29
       Deflect Missiles  |       |       |       |       |       |       |    18 |    40 |       ||    58
       Animate Skeleton  |       |       |       |       |       |       |     3 |       |       ||     3
       Delayed Fireball  |       |       |       |       |       |       |       |     3 |       ||     3
       Lee's Rapid Decon |       |       |       |       |       |       |       |    19 |       ||    19
       Cure Poison       |       |       |       |       |       |       |       |     1 |       ||     1
 Abil: Stop Flying       |       |       |       |       |       |     1 |     2 |     4 |       ||     7
       Evoke Flight      |       |       |       |       |       |     1 |     2 |     4 |       ||     7
       Release Delayed F |       |       |       |       |       |       |       |     2 |       ||     2
Evoke: Wand              |       |       |     3 |    21 |    21 |     4 |     5 |    26 |     1 ||    81
       Staff of energy   |       |       |       |    16 |   919 |  1215 |  1126 |  1316 |       ||  4592
       Staff of Olgreb   |       |       |       |       |       |       |       |     1 |       ||     1
  Use: Scroll            |     6 |    13 |     8 |    17 |    19 |    17 |    11 |    19 |     1 ||   111
       Potion            |       |     4 |     1 |     6 |     2 |     5 |     3 |    22 |       ||    43
 Stab: Sleeping          |     1 |       |     1 |       |     1 |       |     1 |       |       ||     4
       Distracted        |       |     1 |       |       |       |       |       |       |       ||     1

Vault maps used:
D:1:      erik_arrival_orb_chamber, serial_curves, eino_curves_04,
          eino_curves_03, minmay_newt_pond
D:3:      general_overflow_altar, old_standard_altar, overflow_temple_1_default,
          first_bread
D:4:      lemuel_doored_altar, xom_redecorated
D:5:      grunt_dithmengos_smoke_and_mirrors
D:6:      lemuel_blue_sif_altar, minmay_temple_entry_trees, serial_shops,
          nicolae_shop_overgrown_old_shop
D:7:      nicolae_overflow_hidden_temple, serial_shops, shop, grunt_livestock,
          baited_tele_trap
D:8:      lemuel_coloured_pillars_altar, minmay_misc_feat_x
D:9:      boulder_indie, david_orc_4, minmay_statue_crystal_thing, uniq_joseph
D:11:     david_lair_generic
D:12:     minmay_hidden_floor
D:14:     uniq_nessos, uniq_sonja
D:15:     david_vaults_1, nrook_loot_triangle
D:16:     lemuel_ice_statue, grunt_enter_depths_magical_seal, lab_entry_generic,
          evilmike_butchery
Orc:1:    enter_bailey_7
Orc:3:    serial_shops, nicolae_shop_crystal, shop_fountains, shop,
          nicolae_orc_pool_cavern, bloody_makhleb, uniq_psyche, uniq_erolcha
Orc:4:    st_orc_pillars
Lair:1:   serial_bayou_pond_b
Lair:3:   portal_ice_cave_entry_ice_beasts, uniq_erica
Lair:4:   dummy_snake_entry
Lair:5:   minivault_11, st_stairs_7
Lair:6:   swamp_mist, basic_altar, wad_woods_river_01
Lair:7:   serial_bayou_lagoon_a, uniq_fannar
Lair:8:   minmay_lair_end_frog_pond, minmay_slime_entry_oklob_enclosed
Swamp:1:  nicolae_swamp_trees_clearing, swamp_pool2, grunt_hermit_hut,
          infiniplex_staircase_pool
Swamp:3:  uniq_roxanne
Swamp:5:  swamp_pestilence
Snake:1:  lemuel_fruit_tree, uniq_kirke
Snake:2:  basic_altar, grunt_ministairs_12, nrook_guardian_serpent_ordinary,
          uniq_frances
Snake:5:  snake_pit
Vaults:1: hangedman_vaults_restitches, hangedman_vaults_locks,
          nicolae_vaults_windows_and_doors_thing, ontoclasm_vaults_hangar,
          nicolae_vaults_alarming, grunt_vaults_funnel,
          nicolae_vaults_mini_display_case
Vaults:2: v_misc_33, v_misc_26, nicolae_vaults_little_squares_6,
          grunt_forest_entry_clearing, hangedman_vaults_hat, v_misc_33,
          vaults_room_door_ring, vaults_dpeg_hooks, uniq_norris
Vaults:3: ontoclasm_vaults_pinch, v_rooms_6, v_misc_13,
          hangedman_vaults_corner_blocks, v_alt_pattern_4,
          hangedman_vaults_pinch, nicolae_vaults_ring_of_whatevers, v_misc_25,
          v_misc_26, st_spiral_rooms, vaults_room_semicircle,
          hangedman_vaults_restitches, vaults_mumra_hex, ontoclasm_vaults_chip,
          serial_shops, shop, uniq_boris
Vaults:4: v_misc_16, hangedman_vaults_corner, v_misc_2,
          nicolae_vaults_blade_armed_guards,
          hangedman_vaults_stretched_pinwheel, v_alt_pattern_4, kb_rosetta,
          v_misc_32, vaults_mumra_minichess, mu_enter_wizlab_4, uniq_aizul,
          uniq_jorgrun, uniq_saint_roka
Zot:1:    basic_altar
Zot:2:    lemuel_baited_zot_trap, st_small_dragon_hoard_4
Zot:4:    grunt_ministairs_15, lemuel_elevator, grunt_megastairs_5
Bailey:   bailey_polearm_1, bailey
IceCv:    ice_cave_caverns_02
WizLab:   wizlab_wucad
Depths:1: hangedman_cross_cluster, hell_entry, grunt_decor_one_mirror,
          lightli_corner_chamber
Depths:2: grunt_runaround, serial_shops, hell_entry
Depths:3: minmay_expanding_squares, rand_demon_pan_entry_4, hell_entry,
          hangedman_decor_push
Depths:4: minmay_ice_pillars, enter_ziggurat_b, grunt_pan_entry_in_and_out,
          minmay_misc_feat_encased, hangedman_coc_ice_floe, abyss_entry,
          uniq_margery
Depths:5: minmay_expanding_circles, serial_shops, shop_coins,
          minmay_stone_trees_small, rand_demon_pan_entry_9, hell_entry,
          kilobyte_tornado_obelisk, serial_bayou_shore_a
Depths:6: grunt_zot_entry_alcove, hangedman_geh_valley, minmay_misc_feat_room,
          lemuel_flamethrower_3, uniq_xtahua, uniq_mennas
